 Dungeon Crawl Stone Soup version 0.29-a0-315-gaf6dd05e2f (webtiles) character file.

Game seed: 6315744991349393145

7734 kae the Grappler (level 11, 0/110 HPs)
             Began as a Purple Draconian Transmuter on Mar 29, 2022.
             Was an Initiate of Ru.
             Slain by a vampire (12 damage)
             ... on level 9 of the Dungeon.
             The game lasted 00:10:42 (18041 turns).

kae the Grappler (Purple Draconian Transmuter)     Turns: 18041, Time: 00:10:42

Health: 0/110      AC:  8    Str: 13    XL:     11   Next: 0%
Magic:  20/22      EV: 12    Int: 17    God:    Ru [......]
Gold:   1385       SH:  0    Dex: 12    Spells: 17/25 levels left

rFire   x . .      SeeInvis .     - Unarmed
rCold   + + +      Faith    .   (shield currently unavailable)
rNeg    . . .      Spirit   .   (body armour unavailable)
rPois   +          Reflect  .   (helmet currently unavailable)
rElec   .          Harm     .   (cloak currently unavailable)
rCorr   +          Rampage  .   (gloves currently unavailable)
Will    +....                   (boots currently unavailable)
Stlth   +.........              (no amulet)
HPRegen 0.28/turn               g - ring of resist corrosion
MPRegen 0.18/turn               (no ring)

@: ice-form, flying, studying Shields
A: freezing attack, amphibious, boosted hp, (breathe power), AC +7, large,
unfitting armour, (cold-blooded)
a: End Transformation, Renounce Religion


You were on level 9 of the Dungeon.
You worshipped Ru.
Ru was noncommittal.
You were a creature of crystalline ice.
You visited 2 branches of the dungeon, and saw 11 of its levels.
You also visited: Sewer and Bailey.

You collected 1385 gold pieces.

Inventory:

Hand Weapons
 a - the +12 hand axe "Alleigucu" {chaos, Fly}
   (You found it in a bailey)

   Each time it hits an enemy it has a different, random effect.
   Fly:       It grants you flight.
Armour
 e - a +1 cloak (melded)
Jewellery
 g - a ring of resist corrosion (left front paw)
 h - an amulet of faith
 l - a ring of protection from fire
 n - a ring of wizardry
 v - an amulet of regeneration
Wands
 o - a wand of flame (3)
 t - a wand of iceblast (4)
 u - a wand of paralysis (4)
Scrolls
 c - 11 scrolls of identify
 j - 2 scrolls of fog
 k - a scroll of enchant armour
 q - 2 scrolls of teleportation
 s - a scroll of blinking
Potions
 b - 3 potions of flight
 d - 6 potions of curing
 f - 6 potions of degeneration
 i - 3 potions of mutation
 m - 2 potions of brilliance
 p - a potion of magic
 r - a potion of ambrosia
 w - a potion of might


   Skills:
 + Level 7.1 Fighting
 + Level 6.2 Dodging
 * Level 9.8 Unarmed Combat
 + Level 7.5 Spellcasting
 + Level 7.2 Transmutations
 - Level 5.0 Ice Magic
 - Level 1.0 Poison Magic


You had 17 spell levels left.
You knew the following spells:

 Your Spells              Type           Power      Damage    Failure   Level
a - Beastly Appendage     Tmut           62%        N/A       1%          1
b - Spider Form           Tmut/Pois      20%        N/A       6%          3
c - Ice Form              Ice/Tmut       27%        N/A       9%          4

Your spell library contained the following spells:

 Spells                   Type           Power      Damage    Failure   Level
 Wereblood                Tmut           31%        N/A       1%          2
 Ensorcelled Hibernation  Hex/Ice        28%        N/A       6%          2
 Magic Dart               Conj           24%        1d4       11%         1
 Shock                    Conj/Air       24%        1d4       11%         1
 Ignite Poison            Fire/Tmut/Pois 15%        N/A       11%         3
 Searing Ray              Conj           12%        2d4       17%         2
 Sublimation of Blood     Necr           6%         N/A       17%         2
 Petrify                  Tmut/Erth      18%        N/A       24%         4
 Confusing Touch          Hex            6%         N/A       32%         3
 Conjure Flame            Conj/Fire      6%         6-21      32%         3
 Stone Arrow              Conj/Erth      12%        3d7       32%         3
 Swiftness                Air            6%         N/A       32%         3
 Irradiate                Conj/Tmut      9%         3d16      56%         5
 Yara's Violent Unravell  Hex/Tmut       9%         3d6       56%         5
 Airstrike                Air            3%         N/A       73%         4
 Anguish                  Hex/Necr       3%         N/A       73%         4
 Fulminant Prism          Conj/Hex       3%         3d6       73%         4
 Sticky Flame             Conj/Fire      6%         2d3       73%         4
 Enfeeble                 Hex            3%         N/A       100%        7
 Lehudib's Crystal Spear  Conj/Erth      3%         10d2      100%        8
 Animate Armour           Summ/Erth      Unusable   N/A       N/A         4

Dungeon Overview and Level Annotations

Branches:
Dungeon (10/15)            Temple (1/1) D:4            Lair (0/6) D:8
  Sewer (visited)          Bailey (visited)
    Orc: D:9-12

Altars:
Ashenzari
Cheibriados
Dithmenos
Elyvilon
Fedhas
Gozag
Hepliaklqana
Kikubaaqudgha
Makhleb
Nemelex Xobeh
Okawaru
Qazlal
Ru
Sif Muna
Trog
Uskayaw
Vehumet
Wu Jian
Xom
Yredelemnul
Zin
The Shining One
Lugonu

Annotations:
D:2 1 runed translucent door, Crazy Yiuf
D:7 2 transporters


Innate Abilities, Weirdness & Mutations

You are a creature of crystalline ice.
You have a powerful freezing melee attack.
You are amphibious.
Your maximum health is increased.
Your armour is entirely melded.
You are incapable of wielding weapons or throwing items.
((You can breathe bolts of dispelling energy.))
((Your rich purple scales are hard. (AC +7)))
You cannot fit into any form of body armour.
((You are cold-blooded and may be slowed by cold attacks.))


Message History

The orc warrior hits you from afar with a +0 halberd!
The wraith barely misses you.
You hit the wraith but do no damage.
The wraith is moderately damaged.
You punch the wraith! You freeze the wraith.
The wraith is severely damaged.
The orc warrior closely misses you. The wraith hits you!
You hit the wraith. You freeze the wraith.
The wraith is almost destroyed.
The orc warrior hits you from afar with a +0 halberd.
The wraith hits you but does no damage.
You punch the wraith!
You destroy the wraith!
The orc warrior hits you from afar with a +0 halberd!
* * * LOW HITPOINT WARNING * * *
You have reached level 11!
Something hits you but does no damage. Something bites you.
* * * LOW HITPOINT WARNING * * *
Something draws strength from your injuries!
Something hits you but does no damage. Something bites you.
* * * LOW HITPOINT WARNING * * *
Something draws strength from your injuries!
Something hits you!
* * * LOW HITPOINT WARNING * * *
Something bites you but does no damage.
There is a stone staircase leading up here.
Something hits you.
* * * LOW HITPOINT WARNING * * *
Something bites you.
* * * LOW HITPOINT WARNING * * *
Something draws strength from your injuries!
You climb upwards.
Reactivating autopickup.
There is a stone staircase leading down here.
You start resting.
Something completely misses you. Something bites you but does no damage.
Deactivating autopickup; reactivate with Ctrl-A.
You feel very buoyant.
You fly up into the air.
Something hits you!
You die...

###.## #..##
##..######### ##
#..........# .#
#..........#
)########.......(..#
.[))....#..........#
.######............#
.# ###.......Y..# .#
#..........# ##
#..........#
#..........#
############


There were no monsters in sight!

Vanquished Creatures
  A two-headed ogre (D:9)
  A death yak (D:8)
  Pikel (D:4)
  A gargoyle (D:6)
  A yak (D:10)
  A wyvern (D:8)
  A wraith (D:10)
  A basilisk (D:8)
  Menkaure (D:7)
  A water moccasin (D:6)
  Duvessa (D:4)
  12 orc warriors
  A sky beast (D:6)
  2 black bears
  11 centaurs
  A phantom (D:5)
  A bullfrog (D:7)
  A kobold brigand (D:7)
  3 gnoll sergeants
  A scorpion (D:6)
  10 wights
  Dowan (D:4)
  5 killer bees
  3 howler monkeys (D:7)
  3 hounds
  A jelly (D:5)
  4 orc priests
  A gnoll shaman (D:7)
  Jessica (D:2)
  4 iguanas
  10 orc wizards
  Robin (D:4)
  18 gnolls
  19 adders
  3 river rats (Sewer)
  A white imp (D:7)
  2 ufetubi
  4 worms
  5 dart slugs
  57 orcs
  10 bats
  8 endoplasms
  8 giant cockroaches
  13 hobgoblins
  9 jackals
  9 kobolds
  11 quokkas
  10 ball pythons
  A frilled lizard (D:1)
  17 goblins
  10 rats
303 creatures vanquished.

Vanquished Creatures (others)
  2 fungi (D:8)
2 creatures vanquished.

Grand Total: 305 creatures vanquished

Notes
Turn   | Place    | Note
-------+----------+-------------------------------------------
     0 | D:1      | kae the Draconian Transmuter began the quest for the Orb.
     0 | D:1      | Reached XP level 1. HP: 16/16 MP: 3/3
   388 | D:1      | Reached XP level 2. HP: 23/23 MP: 3/5
  1410 | D:1      | Reached XP level 3. HP: 18/28 MP: 6/6
  1601 | D:1      | Learned a level 3 spell: Spider Form
  1748 | D:2      | Noticed Jessica
  1754 | D:2      | Killed Jessica
  1834 | D:2      | Found a runed translucent door.
  1835 | D:2      | Noticed Crazy Yiuf
  1905 | D:2      | Reached XP level 4. HP: 28/36 MP: 7/7
  2275 | D:2      | Found a faded altar of an unknown god.
  2415 | D:2      | Reached skill level 4 in Unarmed Combat
  2881 | D:3      | Reached XP level 5. HP: 22/41 MP: 5/8
  2889 | D:3      | Found a glowing drain.
  3003 | Sewer    | Entered a sewer
  3678 | Sewer    | Learned a level 4 spell: Ice Form
  4855 | D:3      | Reached XP level 6. HP: 43/50 MP: 5/10
  5622 | D:4      | Noticed Robin
  6109 | D:4      | Killed Robin
  6435 | D:4      | Noticed Pikel
  6450 | D:4      | Killed Pikel
  6451 | D:4      | Reached skill level 5 in Unarmed Combat
  6451 | D:4      | Reached skill level 1 in Poison Magic
  6451 | D:4      | Your scales start taking on a rich purple colour.
  6451 | D:4      | Reached XP level 7. HP: 21/57 MP: 9/13
  6813 | D:4      | Noticed Duvessa
  6813 | D:4      | Noticed Dowan
  6827 | D:4      | Killed Dowan
  7047 | D:4      | Killed Duvessa
  7048 | D:4      | Reached XP level 8. HP: 48/66 MP: 14/14
  7251 | D:4      | Found a sparkling altar of Nemelex Xobeh.
  7337 | D:4      | Found a staircase to the Ecumenical Temple.
  7413 | Temple   | Entered the Ecumenical Temple
  7538 | D:5      | Entered Level 5 of the Dungeon
  7708 | D:5      | Found a blossoming altar of Fedhas.
  8202 | D:5      | Reached skill level 6 in Unarmed Combat
  9118 | D:6      | Noticed a gargoyle
  9425 | D:6      | Killed a gargoyle
  9426 | D:6      | Reached skill level 5 in Spellcasting
  9426 | D:6      | Reached skill level 5 in Transmutations
  9788 | D:6      | Reached XP level 9. HP: 69/72 MP: 11/16
 10828 | D:7      | Noticed Menkaure
 10947 | D:7      | Reached skill level 7 in Unarmed Combat
 11056 | D:7      | Noticed an ancient zyme
 11057 | D:7      | Found a transporter.
 11057 | D:7      | Noticed a purple ugly thing
 11057 | D:7      | Noticed a purple ugly thing
 11060 | D:7      | Noticed a cyan ugly thing
 11061 | D:7      | Found a corrupted altar of Lugonu.
 11196 | D:7      | Found a transporter.
 11212 | D:7      | Killed Menkaure
 11213 | D:7      | Reached skill level 5 in Fighting
 11364 | D:7      | Reached skill level 5 in Ice Magic
 11560 | D:7      | Found a sacrificial altar of Ru.
 11602 | D:7      | Found a white marble altar of Elyvilon.
 12155 | D:7      | Became a worshipper of Ru the Awakened
 12957 | D:8      | Found a staircase to the Lair.
 12957 | D:8      | Noticed a death yak
 13308 | D:8      | Reached skill level 5 in Dodging
 13308 | D:8      | Reached skill level 8 in Unarmed Combat
 13716 | D:8      | Killed a death yak
 13717 | D:8      | Reached XP level 10. HP: 61/83 MP: 15/19
 14299 | D:9      | Noticed a two-headed ogre
 14308 | D:9      | Killed a two-headed ogre
 14342 | D:9      | Found a flagged portal.
 14474 | Bailey   | Entered a bailey
 14488 | Bailey   | Reached skill level 9 in Unarmed Combat
 17019 | Bailey   | Identified the +12 hand axe "Alleigucu" {chaos, Fly}
 17245 | D:9      | Acquired 793 gold pieces
 17265 | D:9      | Found a broken altar of Ashenzari.
 17825 | D:9      | Found a hide-covered altar of Uskayaw.
 18016 | D:10     | Entered Level 10 of the Dungeon
 18034 | D:10     | Reached XP level 11. HP: 29/92 MP: 19/22
 18041 | D:9      | Slain by a vampire

Illustrated notes

Levels and vault maps discovered:
D:1:      matt_arrival_spirals, layout_loops_corners
D:2:      layout_basic, nicolae_ecumenical_snake_handling,
          uniq_crazy_yiuf_cottage, uniq_jessica
D:3:      layout_loops_ring, gup_sewer_entry_spiral
D:4:      layout_rooms, mainiacjoe_overflow_paths, minmay_temple_entry_hall,
          uniq_pikel, uniq_duvessa, uniq_robin
D:5:      layout_basic, fedhas_altar_3
D:6:      layout_layer_cave, serial_bayou_crossing
D:7:      gammafunk_corrupted_shrine, layout_basic, amcnicky_altar_gilded,
          kennysheep_little_box, uniq_menkaure
D:8:      layout_rooms, david_lair_generic
D:9:      layout_rooms, old_standard_altar, nicolae_uskayaw_suspiria,
          enter_bailey_5
D:10:     minmay_the_grid_octo_tiled_squarecenter [minmay_the_grid_octo_toaster,
          minmay_the_grid_octo_focus, minmay_the_grid_octo_chip,
          minmay_the_grid_octo_vomiting_pacman,
          minmay_the_grid_square_5x5_megaprize_diamond,
          minmay_the_grid_square_5x5_almost_minimal,
          minmay_the_grid_square_5x5_bridge,
          minmay_the_grid_square_5x5_misaligned,
          minmay_the_grid_square_5x5_one_wall], layout_basic, hiddenorc1_lemuel,
          minmay_circle_x
Temple:   lightli_temple_of_artemis

Skill      XL: |  1  2  3  4  5  6  7  8  9 10 |
---------------+-------------------------------+-----
Dodging        | 2 3 4 5 6 |  6.2
Fighting       | 2 3 4 6 7 |  7.1
Unarmed Combat | 4 5 6 8 9 |  9.8
Transmutations | 3 4 5 6 7 |  7.2
Spellcasting   | 3 4 5 6 7 |  7.5
Ice Magic      | 2 4 5 |  5.0
Poison Magic   | 1 |  1.0

Action                   |  1- 3 |  4- 6 |  7- 9 | 10-12 || total
-------------------------+-------+-------+-------+-------++-------
Melee: Unarmed           |    76 |   294 |   294 |   195 ||   859
       Kick              |    14 |    17 |     1 |       ||    32
       Tailslap          |     6 |    16 |     5 |     3 ||    30
       Headbutt          |     6 |    11 |       |       ||    17
       Punch             |       |     2 |       |       ||     2
 Cast: Beastly Appendage |    20 |    32 |     2 |       ||    54
       Spider Form       |     1 |    16 |    14 |       ||    31
       Ice Form          |       |     1 |    27 |    28 ||    56
Invok: Reject Sacrifices |       |       |       |     1 ||     1
 Abil: Breathe Dispellin |       |       |     1 |       ||     1
  Use: Scroll            |       |    10 |     7 |     5 ||    22
       Potion            |       |     1 |     3 |     2 ||     6
 Stab: Distracted        |     1 |       |       |       ||     1
       Sleeping          |       |       |     1 |       ||     1
Armor: Skin              |    35 |   132 |    66 |    85 ||   318
Dodge: Dodged            |    44 |   297 |   192 |   144 ||   677

Table legend: (Time is in decaauts)
 A = Elapsed time spent in this place.
 B = Non-inter-level travel time spent in this place.
 C = Inter-level travel time spent in this place.
 D = Time resting spent in this place.
 E = Time spent auto-exploring this place.
 F = Levels seen in this place.
 G = Mean time per level.
                   A        B        C        D        E       F      G
               +--------+--------+--------+--------+--------+-----+--------+
         Total |  18157 |  17677 |    480 |   3083 |  11737 |  13 | 1396.7 |
       Dungeon |  13754 |  13292 |    462 |   2230 |   9385 |  10 | 1375.4 |
        Temple |    105 |     87 |     18 |      0 |     82 |   1 |  105.0 |
         Sewer |   1544 |   1544 |      0 |    274 |    904 |   1 | 1544.0 |
        Bailey |   2752 |   2752 |      0 |    579 |   1366 |   1 | 2752.0 |
               +--------+--------+--------+--------+--------+-----+--------+

Top non-repeatable levels by time:
  Bailey: 2752 daAuts
     D:3: 2450 daAuts
     D:7: 2050 daAuts
     D:5: 1773 daAuts
     D:1: 1745 daAuts
     D:6: 1609 daAuts
   Sewer: 1544 daAuts
     D:8: 1441 daAuts
     D:2: 1016 daAuts
     D:4: 858 daAuts
     D:9: 786 daAuts
  Temple: 105 daAuts
    D:10: 21 daAuts
